PL
FT. WORTH CATTLEMEN @ PANAMA CITY PIRANHAS
09/17/2031
 
TOP OF THE 1ST
Ft. Worth Cattlemen batting - Pitching for Panama City Piranhas : LHP Pedro Alejándrez
Pitching: LHP Pedro Alejándrez
Batting: LHB Jesús Morales 0-0: Ball
1-0: Called Strike
1-1: Ground out U3 (Groundball, 3L)
Batting: RHB Jesús Martínez 0-0: Swinging Strike
0-1: Ball
1-1: Called Strike
1-2: Strikes out swinging
Batting: RHB Bart Lewis 0-0: Ball
1-0: SOLO HOME RUN (Flyball, 78XD), Distance : 409 ft
Batting: RHB Gilberto Juárez 0-0: Ball
1-0: Called Strike
1-1: Swinging Strike
1-2: Fly out, F9 (Flyball, 89M)
Top of the 1st over - 1 run, 1 hit, 0 errors, 0 left on base; Ft. Worth 1 - Panama City 0
BOTTOM OF THE 1ST
Panama City Piranhas batting - Pitching for Ft. Worth Cattlemen : RHP Gustavo Pérez
Pitching: RHP Gustavo Pérez
Batting: RHB Tommy Jones 0-0: Foul Ball, location: 2F
0-1: Ball
1-1: SINGLE (Line Drive, 6MD)
Batting: RHB Baldomero Avino 0-0: Swinging Strike
0-1: Swinging Strike
0-2: Foul Ball, location: 2F
0-2: Ball
1-2: Strikes out looking
Batting: RHB Micah Coffey 0-0: Ball
1-0: Swinging Strike
1-1: Foul Ball, location: 2F
1-2: Strikes out swinging
Batting: LHB Roberto Sánchez 0-0: Called Strike
0-1: Called Strike
0-2: Ground out 4-3 (Groundball, 4S)
Bottom of the 1st over - 0 runs, 1 hit, 0 errors, 1 left on base; Ft. Worth 1 - Panama City 0
TOP OF THE 2ND
Ft. Worth Cattlemen batting - Pitching for Panama City Piranhas : LHP Pedro Alejándrez
Batting: LHB Rick Mayfield 0-0: Called Strike
0-1: Swinging Strike
0-2: Strikes out swinging
Batting: SHB Javier Vázquez 0-0: Called Strike
0-1: Swinging Strike
0-2: Foul Ball, location: 2F
0-2: Strikes out swinging
Batting: SHB Robby Day 0-0: DOUBLE (Groundball, 5L)
Batting: LHB Nobuo Yamashita 0-0: Called Strike
0-1: Called Strike
0-2: Foul Ball, location: 2F
0-2: Strikes out swinging
Top of the 2nd over - 0 runs, 1 hit, 0 errors, 1 left on base; Ft. Worth 1 - Panama City 0
BOTTOM OF THE 2ND
Panama City Piranhas batting - Pitching for Ft. Worth Cattlemen : RHP Gustavo Pérez
Batting: RHB Peter Heard 0-0: Called Strike
0-1: SINGLE (Flyball, 7LS)
Batting: LHB Ricardo Collazo 0-0: Ball
1-0: 2-RUN HOME RUN (Flyball, 9D), Distance : 375 ft
Batting: RHB Andy Putman 0-0: Called Strike
0-1: Ball
1-1: Ball
2-1: Foul Ball, location: 2F
2-2: Ground out 1-3 (Groundball, 13)
Batting: RHB Fernando Silva 0-0: Called Strike
0-1: Ball
1-1: Called Strike
1-2: SINGLE (Line Drive, 4D)
Batting: RHB Ted Cook 0-0: Ball
1-0: Foul Ball, location: 2F
1-1: Called Strike
1-2: Fly out, F7 (Flyball, 7)
Batting: RHB Tommy Jones 0-0: Ball
1-0: Ball
2-0: Swinging Strike
2-1: Fly out, F8 (Flyball, 8LXD)
Bottom of the 2nd over - 2 runs, 3 hits, 0 errors, 1 left on base; Ft. Worth 1 - Panama City 2
TOP OF THE 3RD
Ft. Worth Cattlemen batting - Pitching for Panama City Piranhas : LHP Pedro Alejándrez
Batting: LHB Chris Etheridge 0-0: Ball
1-0: Called Strike
1-1: Ball
2-1: Foul Ball, location: 2F
2-2: Ball
3-2: Foul Ball, location: 2F
3-2: Strikes out swinging, 2-3 out at first.
Batting: LHB Jesús Morales 0-0: Ball
1-0: Ground out 4-3 (Groundball, 34D)
Batting: RHB Jesús Martínez 0-0: Called Strike
0-1: Ball
1-1: Ground out 6-3 (Groundball, 56D)
Top of the 3rd over - 0 runs, 0 hits, 0 errors, 0 left on base; Ft. Worth 1 - Panama City 2
BOTTOM OF THE 3RD
Panama City Piranhas batting - Pitching for Ft. Worth Cattlemen : RHP Gustavo Pérez
Batting: RHB Baldomero Avino 0-0: Ball
1-0: Ball
2-0: Foul Ball, location: 2F
2-1: Foul Ball, location: 2F
2-2: Ball
3-2: Foul Ball, location: 2F
3-2: Base on Balls
Batting: RHB Micah Coffey 0-0: SINGLE (Groundball, 34S) (infield hit)
Baldomero Avino to second
Batting: LHB Roberto Sánchez 0-0: Ball
1-0: DOUBLE (Line Drive, 7LD)
Baldomero Avino scores
Micah Coffey to third
Batting: RHB Peter Heard 0-0: SINGLE (Groundball, 34D)
Micah Coffey scores
Roberto Sánchez to third
Runner from 3rd tries for Home, SAFE, throw made home
Batting: LHB Ricardo Collazo 0-0: Ball
1-0: Called Strike
1-1: Foul Ball, location: 2F
1-2: Strikes out looking
Batting: RHB Andy Putman 0-0: Ball
1-0: Swinging Strike
1-1: Ball
2-1: Foul Ball, location: 2F
2-2: Foul Ball, location: 2F
2-2: DOUBLE (Flyball, 8RXD)
Peter Heard to third
Runner from 3rd tries for Home, SAFE, no throw
Batting: RHB Fernando Silva 0-0: Ball
1-0: Swinging Strike
1-1: Ball
Wild Pitch!
Andy Putman to third
2-1: Foul Ball, location: 2F
2-2: Foul Ball, location: 2F
2-2: Foul Ball, location: 2F
2-2: Ball
3-2: Fly out, F9 (Flyball, 9LS)
Runner from 3rd tags up, OUT at HOME
Bottom of the 3rd over - 4 runs, 4 hits, 0 errors, 0 left on base; Ft. Worth 1 - Panama City 6
TOP OF THE 4TH
Ft. Worth Cattlemen batting - Pitching for Panama City Piranhas : LHP Pedro Alejándrez
Batting: RHB Bart Lewis 0-0: Ball
1-0: Ball
2-0: Ground out 5-3 (Groundball, 5)
Batting: RHB Gilberto Juárez 0-0: Called Strike
0-1: Ball
1-1: Foul Ball, location: 2F
1-2: Ball
2-2: DOUBLE (Line Drive, 78M)
Batting: LHB Rick Mayfield 0-0: Called Strike
0-1: Called Strike
0-2: Foul Ball, location: 2F
0-2: Fly out, F8 (Flyball, 8LM)
Batting: SHB Javier Vázquez 0-0: Called Strike
0-1: Ball
1-1: Ball
2-1: Ball
3-1: Called Strike
3-2: Foul Ball, location: 2F
3-2: Strikes out swinging, 2-3 out at first.
Top of the 4th over - 0 runs, 1 hit, 0 errors, 1 left on base; Ft. Worth 1 - Panama City 6
BOTTOM OF THE 4TH
Panama City Piranhas batting - Pitching for Ft. Worth Cattlemen : RHP Gustavo Pérez
Batting: RHB Ted Cook 0-0: Called Strike
0-1: Foul Ball, location: 2F
0-2: Ball
1-2: Ball
2-2: Strikes out looking
Batting: RHB Tommy Jones 0-0: Ball
1-0: Swinging Strike
1-1: Ball
2-1: Swinging Strike
2-2: Ground out 6-3 (Groundball, 6)
Batting: RHB Baldomero Avino 0-0: Called Strike
0-1: SINGLE (Flyball, 7S)
Batting: RHB Micah Coffey 0-0: Foul Ball, location: 2F
0-1: Swinging Strike
0-2: Ball
1-2: Ball
2-2: Foul Ball, location: 2F
2-2: Ground out 3-1 (Groundball, 34S)
Bottom of the 4th over - 0 runs, 1 hit, 0 errors, 1 left on base; Ft. Worth 1 - Panama City 6
TOP OF THE 5TH
Ft. Worth Cattlemen batting - Pitching for Panama City Piranhas : LHP Pedro Alejándrez
Batting: SHB Robby Day 0-0: Fly out, F9 (Flyball, 9LMF)
Batting: LHB Nobuo Yamashita 0-0: Ball
1-0: Fly out, F7 (Flyball, 7LM)
Batting: LHB Chris Etheridge 0-0: Ball
1-0: Ball
2-0: Ball
3-0: Base on Balls
Batting: LHB Jesús Morales 0-0: Ball
1-0: DOUBLE (Groundball, 3L)
Chris Etheridge to third
Batting: RHB Jesús Martínez 0-0: Ball
1-0: Fly out, F4 (Line Drive, 4M)
Top of the 5th over - 0 runs, 1 hit, 0 errors, 2 left on base; Ft. Worth 1 - Panama City 6
BOTTOM OF THE 5TH
Panama City Piranhas batting - Pitching for Ft. Worth Cattlemen : RHP Gustavo Pérez
Batting: LHB Roberto Sánchez 0-0: Ball
1-0: Foul Ball, location: 2F
1-1: Ball
2-1: Foul Ball, location: 2F
2-2: Ball
3-2: Foul Ball, location: 2F
3-2: Ground out 4-3 (Groundball, 4)
Batting: RHB Peter Heard 0-0: Swinging Strike
0-1: Fly out, F4 (Line Drive, 4)
Batting: LHB Ricardo Collazo 0-0: Foul Ball, location: 2F
0-1: Ball
1-1: Swinging Strike
1-2: Strikes out swinging
Bottom of the 5th over - 0 runs, 0 hits, 0 errors, 0 left on base; Ft. Worth 1 - Panama City 6
TOP OF THE 6TH
Ft. Worth Cattlemen batting - Pitching for Panama City Piranhas : LHP Pedro Alejándrez
Batting: RHB Bart Lewis 0-0: Ball
1-0: Ball
2-0: SINGLE (Flyball, 7LS)
Batting: RHB Gilberto Juárez 0-0: Swinging Strike
0-1: Ball
1-1: Called Strike
1-2: Foul Ball, location: 2F
1-2: Fly out, F8 (Flyball, 8RD)
Batting: LHB Rick Mayfield 0-0: Foul Ball, location: 2F
0-1: Fly out, F1 (Line Drive, 13)
Batting: SHB Javier Vázquez 0-0: Called Strike
0-1: Swinging Strike
0-2: Foul Ball, location: 2F
0-2: Strikes out swinging
Top of the 6th over - 0 runs, 1 hit, 0 errors, 1 left on base; Ft. Worth 1 - Panama City 6
BOTTOM OF THE 6TH
Panama City Piranhas batting - Pitching for Ft. Worth Cattlemen : RHP Gustavo Pérez
Pitching: RHP Enrique Cortéz
Batting: RHB Andy Putman 0-0: Ball
1-0: Ball
2-0: DOUBLE (Flyball, 8RXD)
Batting: RHB Fernando Silva 0-0: Ball
1-0: Called Strike
1-1: Called Strike
1-2: SINGLE (Flyball, 7LS)
Andy Putman to third
Batting: RHB Ted Cook 0-0: Foul Ball, location: 2F
0-1: Ball
1-1: Ball
2-1: Called Strike
2-2: Foul Ball, location: 2F
2-2: Strikes out swinging
Batting: RHB Tommy Jones 0-0: Foul Ball, location: 2F
0-1: Fly out, F7 (Flyball, 7LD)
Runner from 3rd tags up, SCORES, no throw
Batting: RHB Baldomero Avino 0-0: Ball
1-0: Fly out, F7 (Line Drive, 7)
Bottom of the 6th over - 1 run, 2 hits, 0 errors, 1 left on base; Ft. Worth 1 - Panama City 7
TOP OF THE 7TH
Ft. Worth Cattlemen batting - Pitching for Panama City Piranhas : LHP Pedro Alejándrez
Batting: SHB Robby Day 0-0: Ball
1-0: Ball
2-0: Ground out 2-3 (Groundball, 15S)
Batting: LHB Nobuo Yamashita 0-0: Ball
1-0: Called Strike
1-1: Ball
2-1: Foul Ball, location: 2F
2-2: Foul Ball, location: 2F
2-2: Foul Ball, location: 2F
2-2: Ball
3-2: Base on Balls
Pitching: RHP Anderson O'Mara
Batting: LHB Chris Etheridge 0-0: SINGLE (Line Drive, 34D)
Nobuo Yamashita to second
Batting: LHB Jesús Morales 0-0: Fielders Choice at 2nd, 1-6 (Groundball, 13)
Nobuo Yamashita to third
Batting: RHB Jesús Martínez 0-0: Fielders Choice at 2nd, 5-4 (Groundball, 56)
Top of the 7th over - 0 runs, 1 hit, 0 errors, 2 left on base; Ft. Worth 1 - Panama City 7
BOTTOM OF THE 7TH
Panama City Piranhas batting - Pitching for Ft. Worth Cattlemen : RHP Enrique Cortéz
Batting: RHB Micah Coffey 0-0: Called Strike
0-1: Ball
1-1: Called Strike
1-2: Strikes out swinging
Batting: LHB Roberto Sánchez 0-0: Ball
1-0: Ball
2-0: Called Strike
2-1: Foul Ball, location: 2F
2-2: Strikes out swinging
Batting: RHB Peter Heard 0-0: SINGLE (Flyball, 8LS)
Batting: LHB Ricardo Collazo 0-0: Ball
1-0: Ground out 4-3 (Groundball, 4)
Bottom of the 7th over - 0 runs, 1 hit, 0 errors, 1 left on base; Ft. Worth 1 - Panama City 7
TOP OF THE 8TH
Ft. Worth Cattlemen batting - Pitching for Panama City Piranhas : RHP Anderson O'Mara
Batting: RHB Bart Lewis 0-0: Ball
1-0: Ball
2-0: Called Strike
2-1: Ball
3-1: Fly out, F3 (Popup, 34S)
Batting: RHB Gilberto Juárez 0-0: Ball
1-0: Ball
2-0: Called Strike
2-1: SINGLE (Line Drive, 78M)
Batting: LHB Rick Mayfield 0-0: Called Strike
0-1: Called Strike
0-2: Strikes out swinging
Batting: SHB Javier Vázquez 0-0: Called Strike
0-1: Ball
1-1: Foul Ball, location: 2F
1-2: Ball
2-2: Fielders Choice at 2nd, 5-4 (Groundball, 5)
Top of the 8th over - 0 runs, 1 hit, 0 errors, 1 left on base; Ft. Worth 1 - Panama City 7
BOTTOM OF THE 8TH
Panama City Piranhas batting - Pitching for Ft. Worth Cattlemen : RHP Enrique Cortéz
Batting: RHB Andy Putman 0-0: Ball
1-0: Called Strike
1-1: Ball
2-1: Ball
3-1: Foul Ball, location: 2F
3-2: SINGLE (Line Drive, 78S)
Batting: RHB Fernando Silva 0-0: Called Strike
Throwing error on steal attempt, E2
Andy Putman to third
0-1: Ball
1-1: Foul Ball, location: 2F
1-2: Strikes out swinging
Batting: RHB Ted Cook 0-0: Foul Ball, location: 2F
0-1: Foul Ball, location: 2F
0-2: Strikes out swinging
Pitching: RHP Roberto Cavazos
Batting: RHB Tommy Jones 0-0: Called Strike
0-1: Ball
1-1: Called Strike
1-2: Ball
2-2: Ball
3-2: Base on Balls
Batting: RHB Baldomero Avino 0-0: Ball
1-0: Called Strike
1-1: Ground out 6-3 (Groundball, 6M)
Bottom of the 8th over - 0 runs, 1 hit, 1 error, 2 left on base; Ft. Worth 1 - Panama City 7
TOP OF THE 9TH
Ft. Worth Cattlemen batting - Pitching for Panama City Piranhas : RHP Anderson O'Mara
Batting: SHB Robby Day 0-0: Ball
1-0: SINGLE (Groundball, 4MD)
Batting: LHB Nobuo Yamashita 0-0: Called Strike
0-1: Ball
1-1: Foul Ball, location: 2F
1-2: Ball
2-2: Strikes out swinging
Pitching: RHP Michael Brown
Batting: LHB Chris Etheridge 0-0: Fly out, F7 (Flyball, 7)
Batting: LHB Jesús Morales 0-0: Fly out, F9 (Flyball, 89D)
Top of the 9th over - 0 runs, 1 hit, 0 errors, 1 left on base; Ft. Worth 1 - Panama City 7
Tuesday, June 12th, 2018 - OOTP Baseball 18.8 Build 76